 Dungeon Crawl Stone Soup version 0.30.1-3-gfc49f6343a (webtiles) character file.

Game seed: 7380106660794065520

176 Zeor the Conjurer (level 5, -5/28 HPs)
             Began as a Deep Elf Conjurer on Aug 3, 2023.
             Asphyxiated
             ... on level 3 of the Dungeon.
             The game lasted 00:09:42 (3572 turns).

Zeor the Conjurer (Deep Elf Conjurer)               Turns: 3572, Time: 00:09:43

Health: -5/28      AC:  2    Str:  4    XL:     5   Next: 30%
Magic:  5/13       EV: 11    Int: 25    God:
Gold:   64         SH:  4    Dex: 13    Spells: 9/12 levels left

rFire   . . .        a - +3 dagger (venom)
rCold   . . .        h - +0 buckler
rNeg    . . .        e - +0 robe
rPois   .            (no helmet)
rElec   .            (no cloak)
rCorr   .            (no gloves)
SInv    .            (no boots)
Will    .....        (no amulet)
Stlth   ++           (no ring)
HPRegen 0.24/turn    (no ring)
MPRegen 0.13/turn

%: no passive effects
@: lethally poisoned (-5 -> -40), slowed, very slow
A: no striking features
a: no special abilities


You were on level 3 of the Dungeon.
You visited 1 branch of the dungeon, and saw 3 of its levels.

You collected 155 gold pieces.
You spent 91 gold pieces at shops.

Inventory:

Hand Weapons
 a - a +3 dagger of venom (weapon)
 l - a +1 war axe of holy wrath
 q - a +2 vampiric dagger
Armour
 e - a +0 robe (worn)
 h - a +0 buckler (worn)
Magical Staves
 b - a staff of fire
Jewellery
 p - a +5 ring of evasion
 r - a ring of see invisible
Wands
 k - a wand of mindburst (17)
Scrolls
 d - a scroll of vulnerability
 j - a scroll of amnesia
 n - 2 scrolls of teleportation
 o - 2 scrolls of immolation
Potions
 c - a potion of magic
 f - 2 potions of brilliance
 g - 2 potions of ambrosia
 i - a potion of flight
 m - a potion of haste {unknown}


   Skills:
 + Level 2.8 Dodging
 - Level 3.0 Stealth
 * Level 1.4 Shields
 + Level 4.3 Spellcasting
 + Level 6.0 Conjurations


You had 9 spell levels left.
You knew the following spells:

 Your Spells              Type           Power      Damage    Failure   Level
a - Magic Dart            Conj           100%       1d8       1%          1
b - Searing Ray           Conj           70%        2d7       2%          2

Your spell library contained the following spells:

 Spells                   Type           Power      Damage    Failure   Level
 Dazzling Flash           Conj/Hex       40%        N/A       16%         3
 Summon Guardian Golem    Hex/Summ       5%         N/A       45%         3
 Fulminant Prism          Conj/Hex       10%        3d9       45%         4
 Iskenderun's Mystic Bla  Conj/Tloc      20%        2d6       45%         4
 Orb of Destruction       Conj           17%        9d7       100%        7
 Spellforged Servitor     Conj/Summ      10%        N/A       100%        7


Dungeon Overview and Level Annotations

Branches:
Dungeon (3/15)

Altars:

Shops:
D:2 [   D:3 ?


Message History

(Press . to maintain the ray.)
The kobold shouts!
The kobold brigand shouts!
Your Conjurations skill increases to level 6!
The searing ray hits the kobold.
You kill the kobold!
The kobold shouts!
The searing ray hits the kobold brigand but does no damage.
The searing ray hits the kobold!
You kill the kobold!
The searing ray hits the kobold brigand but does no damage.
You finish channelling your searing ray.
The kobold brigand throws a curare-tipped dart.
The curare-tipped dart hits you.
You are poisoned.
You have difficulty breathing.
You feel yourself slow down.
Casting: Searing Ray (safe; 2% risk of failure)
Confirm with . or Enter, or press ? or * to list all spells.
Aiming: Searing Ray (safe; 2% risk of failure)
Press: ? - help, Shift-Dir - straight line, f - kobold brigand
Aim: a kobold brigand, wielding a +1 short sword of protection and quivering curare-tipped darts (76% to hit)
The searing ray hits the kobold brigand.
The kobold brigand is lightly wounded. (Press . to maintain the ray.)
You feel very sick.
The kobold brigand throws a curare-tipped dart.
The curare-tipped dart barely misses you.
The searing ray hits the kobold brigand.
The kobold brigand is moderately wounded.
You feel very sick.
The kobold brigand throws a curare-tipped dart.
The curare-tipped dart hits you.
You are lethally poisoned!
You have difficulty breathing.
* * * LOW HITPOINT WARNING * * *
You feel as though you will be slow longer.
The kobold brigand throws a curare-tipped dart.
The curare-tipped dart hits you.
You are more poisoned.
You have difficulty breathing.
You die...

▒▒∙∙▒▒▒▒▒∙▒▒∙▒▒▒▒▒▒▒▒∙▒
∙∙∙▒)▒ ▒#▒▒∙▒ ▒▒∙▒▒▒▒
∙∙∙∙∙▒ ▒∙▒▒∙▒ ▒∙∙∙∙∙▒▒
∙▒▒▒∙▒ ▒∙▒▒∙▒ ▒'▒▒▒∙∙▒▒
∙▒ ▒∙▒ ▒▒▒▒▒▒ ▒∙▒ ▒▒∙∙▒
∙▒▒▒∙▒▒▒ ▒∙∙÷ ▒∙▒ ▒▒∙▒
∙▒▒∙∙∙∙▒


∙∙÷÷÷ ▒▒∙▒▒ ▒∙▒ ▒▒▒∙▒▒▒▒ ∙∙∙∙÷∙▒▒▒▒∙∙∙▒▒▒▒∙▒ ∙∙▒∙∙∙∙▒ )∙∙)÷K'e∙∙∙∙∙∙∙∙'∙▒
▒∙▒∙∙∙∙▒ ∙∙∙∙∙÷▒▒▒▒∙∙∙▒▒▒▒▒▒ ▒∙▒∙▒▒▒▒ ∙∙∙÷÷ ▒▒∙▒▒ ▒∙▒∙▒ ▒∙∙÷ ▒∙▒ ▒∙▒∙▒▒▒▒▒▒▒▒
▒▒▒ ▒∙▒ ▒∙∙∙∙∙∙∙∙∙∙ ∙∙∙▒'▒ ▒▒▒∙▒▒▒▒▒▒▒▒▒▒▒▒▒▒∙▒∙▒▒▒▒ ▒∙∙∙∙∙∙∙∙∙∙∙∙▒▒∙∙∙∙∙(∙∙∙▒
∙∙∙∙∙▒∙∙▒▒▒▒∙▒▒∙▒∙∙▒)▒▒∙▒ You could see a kobold brigand.

Vanquished Creatures
  2 adders
  8 gnolls (D:3)
  A dart slug (D:1)
  6 ball pythons
  5 endoplasms
  6 giant cockroaches
  9 goblins
  9 hobgoblins
  13 kobolds
  A quokka (D:2)
  7 bats
  4 frilled lizards
  10 rats
81 creatures vanquished.

Notes
Turn   | Place    | Note
-------+----------+-------------------------------------------
     0 | D:1      | Zeor the Deep Elf Conjurer began the quest for the Orb.
     0 | D:1      | Reached XP level 1. HP: 10/10 MP: 6/6
   193 | D:1      | Reached XP level 2. HP: 9/15 MP: 4/8
   221 | D:1      | Learned a level 2 spell: Searing Ray
   328 | D:1      | Found a faded altar of an unknown god.
   548 | D:1      | Reached skill level 5 in Conjurations
   886 | D:1      | Reached XP level 3. HP: 19/19 MP: 7/9
  1656 | D:2      | Found Poanausk's Armour Boutique.
  2236 | D:3      | Reached XP level 4. HP: 24/24 MP: 7/11
  2400 | D:3      | Found a transporter.
  2402 | D:3      | Found Ipim's Magic Scroll Boutique.
  2406 | D:3      | Found a transporter.
  2411 | D:3      | Bought a scroll of teleportation for 39 gold pieces
  2411 | D:3      | Bought a scroll of immolation for 52 gold pieces
  2909 | D:3      | Reached skill level 1 in Shields
  3247 | D:3      | Reached XP level 5. HP: 28/28 MP: 8/13
  3566 | D:3      | Found the +7 Throatcutter {drain, coup de grace}
  3568 | D:3      | Reached skill level 6 in Conjurations
  3572 | D:3      | Asphyxiated

Illustrated notes

Levels and vault maps discovered:
D:1:      lemuel_arrival_funnel, layout_basic,
          shapermc_ecumenical_altar_mp_highgroup, hangedman_glass_teeth
D:2:      kennysheep_six_static_rooms, layout_rooms, serial_shops,
          nicolae_shop_back_alley_shop
D:3:      layout_basic, serial_shops, nicolae_shop_drivethru,
          grunt_ministairs_3, dilly_guarded_unrand_throatcut

Skill      XL: |  1  2  3  4  5 |
---------------+----------------+-----
Conjurations   | 5 6 |  6.0
Stealth        | 3 |  3.0
Shields        | 1 |  1.4
Spellcasting   | 4 |  4.3
Dodging        | |  2.8

Action                     |  1- 3 |  4- 6 || total
---------------------------+-------+-------++-------
  Melee: Unarmed           |     1 |       ||     1
         Dagger            |     2 |     3 ||     5
   Cast: Magic Dart        |    58 |    37 ||    95
         Searing Ray       |     6 |    10 ||    16
    Use: Scroll            |     8 |     3 ||    11
   Stab: Sleeping          |     2 |       ||     2
 Armour: Robe              |     2 |       ||     2
  Dodge: Dodged            |     2 |     2 ||     4
  Block: Buckler           |     2 |       ||     2
